 Dungeon Crawl Stone Soup version 0.29-a0-322-g68df515428 (webtiles) character file.

Game seed: 13305627137658923337

42 GigaChad the Skirmisher (level 3, -1/29 HPs)
             Began as a Demonspawn Chaos Knight on Apr 8, 2022.
             Was a Plaything of Xom.
             Succumbed to an adder's poison
             ... on level 2 of the Dungeon.
             The game lasted 00:05:26 (1431 turns).

GigaChad the Skirmisher (Demonspawn Chaos Knight)   Turns: 1431, Time: 00:05:26

Health: -1/29      AC:  5    Str: 12    XL:     3   Next: 35%
Magic:  12/12      EV:  8    Int: 13    God:    Xom [..*...]
Gold:   66         SH: 10    Dex: 14    Spells: 2/2 levels left

rFire   . . .      SeeInvis .   a - +0 falchion (chaos)
rCold   . . .      Faith    .   h - +0 tower shield
rNeg    . . .      Spirit   .   d - +0 ring mail
rPois   .          Reflect  .   (no helmet)
rElec   .          Harm     .   (no cloak)
rCorr   .          Rampage  .   (no gloves)
Will    .....                   (no boots)
Stlth   +.........              (no amulet)
HPRegen 0.09/turn               e - ring of magical power
MPRegen 0.13/turn               (no ring)

@: lethally poisoned (-1 -> -5)
A: repulsion field 1
a: Renounce Religion


You were on level 2 of the Dungeon.
You worshipped Xom.
You were a toy of Xom.
You visited 1 branch of the dungeon, and saw 2 of its levels.

You collected 66 gold pieces.

Inventory:

Hand Weapons
 a - a +0 falchion of chaos (weapon)
 i - a +0 demon blade of freezing
Armour
 b - a +2 leather armour
 d - a +0 ring mail (worn)
 h - a +0 tower shield (worn)
Jewellery
 e - a ring of magical power (left hand)
Potions
 f - a potion of ambrosia
 g - 2 potions of heal wounds
 j - a potion of might {unknown}
Miscellaneous
 c - a piece from Xom's chessboard (15/15) (quivered)


   Skills:
 + Level 3.5 Fighting
 + Level 3.4 Long Blades
 + Level 1.8 Armour
 + Level 1.0 Dodging
 + Level 0.8 Stealth


You had 2 spell levels left.
You didn't know any spells.
Your spell library was empty.

Dungeon Overview and Level Annotations

Branches:
Dungeon (2/15)

Altars:


Innate Abilities, Weirdness & Mutations

You are surrounded by a mild repulsion field. (EV +2)


Message History

The adder is moderately wounded.
You block the adder's attack. The adder bites you but does no damage.
You miss the adder.
The adder is moderately wounded.
You block the adder's attack. The adder bites you but does no damage.
The adder closely misses you.
You slash the adder!
The adder seems to grow stronger.
Xom thinks this is hilarious!
The adder is almost dead.
The adder bites you but does no damage. You block the endoplasm's attack.
You block the adder's attack. The endoplasm hits you.
You miss the adder.
The adder is severely wounded.
You block the adder's attack. The endoplasm barely misses you.
The adder bites you.
You closely miss the adder.
The adder is severely wounded.
The adder bites you.
You are poisoned.
The adder poisons you! The endoplasm freezes you.
You are frozen.
You emit a cloud of colourful smoke!
The adder bites you but does no damage. The endoplasm freezes you.
You are frozen.
* * * LOW HITPOINT WARNING * * *
You hit the endoplasm. You burn the endoplasm.
The endoplasm is severely wounded.
* * * LOW HITPOINT WARNING * * *
You feel very sick. The adder closely misses you. The endoplasm freezes you.
You are frozen.
* * * LOW HITPOINT WARNING * * *
The adder barely misses you.
You completely miss the adder.
The adder is severely wounded.
You die...
Xom thinks this is hilarious!

...# ###.# #..#
#..################...########..#
......................J....).....
..##############.##...########..#
..# #..)........###..# #..# ..#
#.#########.###..########.)# ..#
#.# #................# .#####.#
######J.##............# .##....#
#.....@§...########.#.# ...###.#
#.####S§#..# #.#.. ..## ##.#
#..#..# ####.#.. ..# #.# ...# .#
#....... .## .# ...# .# #.##.##.
.# # #.... # #.# . #. #...# # #.#
. . #..## #. #.# . . #.##.##.


You could see an adder (strong) and an endoplasm.

Vanquished Creatures
  An adder (D:2)
  A worm (D:2)
  4 endoplasms
  A giant cockroach (D:1)
  2 goblins (D:1)
  3 hobgoblins
  3 jackals (D:1)
  A quokka (D:2)
  3 ball pythons
  A bat (D:2)
  A frilled lizard (D:1)
  5 kobolds
  2 rats
28 creatures vanquished.

Notes
Turn   | Place    | Note
-------+----------+-------------------------------------------
     0 | D:1      | GigaChad the Demonspawn Chaos Knight began the quest for
                  | the Orb.
     0 | D:1      | Reached XP level 1. HP: 18/18 MP: 1/1
   151 | D:1      | XOM: divination: detect items
   223 | D:1      | Gained mutation: You are surrounded by a mild repulsion
                  | field. (EV +2) [demonic ancestry]
   223 | D:1      | Reached XP level 2. HP: 24/24 MP: 2/2
   468 | D:1      | XOM: noise
   713 | D:1      | Identified a scroll of acquirement
   713 | D:1      | Acquired a +0 demon blade of freezing
   831 | D:1      | XOM: noise
   889 | D:2      | XOM: smoke on damage
   936 | D:2      | Reached skill level 1 in Dodging
   944 | D:2      | Reached XP level 3. HP: 13/29 MP: 3/3
  1390 | D:2      | XOM: divination: detect items
  1429 | D:2      | XOM: smoke on damage
  1430 | D:2      | HP: 1/29 [frozen (3)]
  1431 | D:2      | Succumbed to an adder's poison

Illustrated notes

Levels and vault maps discovered:
D:1:      dpeg_arrival_refuge, layout_loops_ring,
          hellmonk_ecumenical_altar_slurped_away,
          chequers_serial_rivers_small_b, minmay_octomino_e4
D:2:      layout_loops_ring, minmay_strange_pillars

Skill      XL: |  1  2 |
---------------+-------+-----
Long Blades    | 3 |  3.4
Dodging        | 1 |  1.0
Fighting       | |  3.5
Armour         | |  1.8
Stealth        | |  0.8

Action                   || total
-------------------------++-------
Melee: Falchion          ||    52
       Demon blade       ||    23
  Use: Scroll            ||     4
Armor: Leather armour    ||    34
       Ring mail         ||     8
Dodge: Dodged            ||    41
Block: Tower shield      ||    20

Table legend: (Time is in decaauts)
 A = Elapsed time spent in this place.
 B = Non-inter-level travel time spent in this place.
 C = Inter-level travel time spent in this place.
 D = Time resting spent in this place.
 E = Time spent auto-exploring this place.
 F = Levels seen in this place.
 G = Mean time per level.
                   A        B        C        D        E       F      G
               +--------+--------+--------+--------+--------+-----+--------+
         Total |   1455 |   1449 |      6 |    641 |     40 |   2 |  727.5 |
       Dungeon |   1455 |   1449 |      6 |    641 |     40 |   2 |  727.5 |
               +--------+--------+--------+--------+--------+-----+--------+

Top non-repeatable levels by time:
     D:1: 861 daAuts
     D:2: 593 daAuts
